 Dungeon Crawl Stone Soup version 0.28.0 (webtiles) character file.

Game seed: 1030152506271753786

120 crazypyro the Chopper (level 4, -4/40 HPs)
             Began as a Minotaur Fighter on Feb 9, 2022.
             Killed by divine providence
             ... invoked by an orc priest
              (10 damage)
             ... on level 3 of the Dungeon.
             The game lasted 00:01:16 (1877 turns).

crazypyro the Chopper (Minotaur Fighter)            Turns: 1877, Time: 00:01:16

Health: -4/40      AC:  7    Str: 22    XL:     4   Next: 75%
Magic:  3/3        EV:  9    Int:  5    God:
Gold:   111        SH:  0    Dex: 10    Spells: 3/3 levels left

rFire   . . .      SeeInvis .   a - +0 war axe
rCold   . . .      Faith    .   c - +0 buckler
rNeg    . . .      Spirit   .   b - +0 scale mail
rPois   .          Reflect  .   (helmet restricted)
rElec   .          Harm     .   (no cloak)
rCorr   .          Rampage  .   (no gloves)
Will    .....                   (no boots)
Stlth   ..........              (no amulet)
HPRegen 0.13/turn               j - ring of flight
MPRegen 0.08/turn               (no ring)

@: confused, flying
A: horns 2, retaliatory headbutt
a: no special abilities


You were on level 3 of the Dungeon.
You visited 1 branch of the dungeon, and saw 3 of its levels.

You collected 111 gold pieces.

Inventory:

Hand Weapons
 a - a +0 war axe (weapon)
Armour
 b - a +0 scale mail (worn)
 c - a +0 buckler (worn)
Jewellery
 j - a ring of flight (left hand)
Scrolls
 h - a scroll of fear {unknown}
 i - a scroll of identify {unknown}
Potions
 d - a potion of might
 e - a potion of magic {unknown}
 f - a potion of haste {unknown}
 g - 4 potions of curing {unknown}


   Skills:
 - Level 4.0 Fighting
 * Level 5.2 Axes
 - Level 4.0 Armour
 + Level 0.3 Dodging
 - Level 4.0 Shields


You had 3 spell levels left.
You didn't know any spells.
Your spell library contained the following spells:

 Spells                   Type           Power      Damage    Failure   Level
 Sandblast                Erth           0%         2d4       87%         1
 Passwall                 Tmut/Erth      0%         N/A       95%         2
 Stone Arrow              Conj/Erth      0%         3d7       99%         3


Dungeon Overview and Level Annotations

Branches:
Dungeon (3/15)

Altars:
Qazlal
Trog


Innate Abilities, Weirdness & Mutations

You have a pair of horns on your head.
You reflexively headbutt those who attack you in melee.


Message History

The orc priest mumbles some strange prayers to Beogh against you.
Beogh smites you!
You slash the orc!
You kill the orc!
You miss something. You hit the orc. The orc hits you but does no damage.
Something hits you. The orc hits you but does no damage.
You block the orc's attack.
You slash the orc!
You kill the orc!
You miss something. You closely miss the orc. You block the orc's attack.
You hear some strange, mumbled words.
You are confused.
The orc priest invokes the aid of Beogh against you.
Pain shoots through your body!
You are too confused!
You bump into the granite statue.
The orc hits you but does no damage. Something hits you.
The orc priest looks satisfied for a moment.
You bump into the granite statue.
The orc completely misses you. Something hits you but does no damage.
The orc priest barely misses you.
You miss something. Your headbutt misses something. You barely miss the orc.
You hit the orc priest. The orc completely misses you. Something hits you.
The orc priest hits you but does no damage.
You hit the orc priest. Your headbutt misses the orc priest.
The orc priest is moderately wounded.
You hit the orc. You completely miss something.
The orc hits you but does no damage. Something hits you but does no damage.
The orc priest invokes the aid of Beogh against you.
Pain shoots through your body!
* * * LOW HITPOINT WARNING * * *
The orc barely misses you.
You hit the orc but do no damage.
The orc is lightly wounded.
You barely miss the orc priest. You completely miss something.
Something hits you but does no damage. The orc priest barely misses you.
The orc closely misses you. Something hits you.
* * * LOW HITPOINT WARNING * * *
The orc priest invokes the aid of Beogh against you.
Beogh smites you!
You die...

#.......#
####.##.## .
####....##.# ...
#....#####.#
.....###.#### #.#
#.......### #.#
........##...## #.#
.#####..##8..8##...
#..#_.@)..##.#
#.####oo### #(
...._ .. ##..### .#
.... #..## ....
#..#


You could see an orc priest and an orc.

Vanquished Creatures
  A scorpion (D:2)
  2 adders (D:2)
  2 dart slugs (D:2)
  2 orcs (D:3)
  2 endoplasms (D:2)
  2 giant cockroaches (D:1)
  5 goblins
  2 hobgoblins
  3 jackals (D:1)
  2 quokkas (D:1)
  4 ball pythons
  A bat (D:1)
  4 frilled lizards
  4 kobolds
  5 rats
41 creatures vanquished.

Notes
Turn   | Place    | Note
-------+----------+-------------------------------------------
     0 | D:1      | crazypyro the Minotaur Fighter began the quest for the Orb.
     0 | D:1      | Reached XP level 1. HP: 19/19 MP: 0/0
   203 | D:1      | Reached XP level 2. HP: 27/27 MP: 1/1
   258 | D:1      | Reached skill level 3 in Axes
   302 | D:1      | Found a faded altar of an unknown god.
   696 | D:2      | Reached XP level 3. HP: 33/33 MP: 2/2
   938 | D:2      | Noticed a scorpion
   946 | D:2      | Killed a scorpion
   947 | D:2      | Reached skill level 5 in Axes
   947 | D:2      | Reached XP level 4. HP: 13/40 MP: 3/3
  1866 | D:3      | Found a stormy altar of Qazlal.
  1868 | D:3      | Found a bloodstained altar of Trog.
  1877 | D:3      | Killed from afar by an orc priest

Illustrated notes

Levels and vault maps discovered:
D:1:      saegor_arrival_simple_d, layout_rooms,
          ebering_ecumenical_altar_abandoned
D:2:      layout_loops_corners
D:3:      layout_rooms, minitemple, minmay_misc_feat_secret_circle,
          uniq_crazy_yiuf_cottage, uniq_sigmund, uniq_terence

Skill      XL: |  1  2  3 |
---------------+----------+-----
Axes           | 3 5 |  5.2
Fighting       | 4 |  4.0
Armour         | 4 |  4.0
Shields        | 4 |  4.0
Dodging        | |  0.3

Action                   |  1- 3 |  4- 6 || total
-------------------------+-------+-------++-------
Melee: War axe           |    48 |    22 ||    70
       Headbutt          |     7 |     4 ||    11
Armor: Scale mail        |    16 |    13 ||    29
Dodge: Dodged            |    23 |    11 ||    34
Block: Buckler           |    11 |     7 ||    18
